 Dungeon Crawl Stone Soup version 0.31-a0-263-ge8cad7f256 (webtiles) character file.

Game seed: 6318723242135867590

589973 Newt the Merry Kobold (level 27, -7/168 (202) HPs)
             Began as a Kobold Hunter on July 12, 2023.
             Was the Champion of Hepliaklqana.
             Engulfed by a cloud of foul pestilence (26 damage)
             ... in the Vestibule of Hell on July 13, 2023.
             The game lasted 02:12:23 (60666 turns).

Newt the Merry Kobold (Kobold Hunter)              Turns: 60666, Time: 02:12:24

HP:   -7/168 (202)  AC: 26    Str: 15    XL:     27
MP:   23/23         EV: 35    Int: 14    God:    Hepliaklqana [******]
Gold: 6072          SH:  0    Dex: 30    Spells: 33/38 levels left

rFire   + + +        V - +9 triple crossbow (heavy)
rCold   + . .        (shield currently unavailable)
rNeg    + . .        S - +7 fire dragon scales
rPois   +            c - -2 hat of the Alchemist {rElec rPois rF+ rC+ rN+ Will+ rMut rCorr}
rElec   +            L - scarf {repulsion}
rCorr   +            f - -1 pair of gloves of Compression {Slay+2}
SInv    +            O - +2 pair of boots
Will    +++++        F - amulet of the Philosopher {Acrobat -Cast rF+ SInv}
Stlth   ++++++       Z - ring of Amorality {rC+ Will+ MP-9 Int+3}
HPRegen 0.48/turn    E - ring "Xosk" {rF- Will+ Str+5 Slay+4}
MPRegen 0.18/turn

%: no spellcasting, repel missiles, acrobat, resist mutation
@: lethally poisoned (-7 -> -14), slowed, studying Short Blades, heavily
drained, very slow
A: reduced essence, small, no large weapons, nightstalker 3, horns 1, robust 2
}: 4/15 runes: decaying, serpentine, slimy, silver
a: Renounce Religion, Recall Ancestor, Ancestor Identity, Transference, Idealise


You were in the Vestibule of Hell.
You worshipped Hepliaklqana.
Hepliaklqana was exalted by your worship.
You visited 12 branches of the dungeon, and saw 54 of its levels.
You also visited: Ossuary, Gauntlet and Ice Cave.

You collected 8221 gold pieces.
You spent 2149 gold pieces at shops.

Inventory:

Hand Weapons
 j - a +1 hand crossbow of flaming
 V - a +9 heavy triple crossbow (weapon)
Armour
 c - the -2 hat of the Alchemist (worn) {rElec rPois rF+ rC+ rN+ Will+ rMut rCorr}
   (You found it on level 5 of the Lair of Beasts)

   rF:        It protects you from fire.
   rC:        It protects you from cold.
   rElec:     It insulates you from electricity.
   rPois:     It protects you from poison.
   rN:        It protects you from negative energy.
   rCorr:     It protects you from acid and corrosion.
   rMut:      It protects you from mutation.
   Will:      It increases your willpower.
 f - the -1 pair of gloves of Compression (worn) {Slay+2}
   (You found it on level 1 of the Vaults)

   Slay:      It affects your accuracy & damage with ranged weapons and melee
   (+2).
 g - a +0 troll leather armour
 x - +0 gold dragon scales
 L - a scarf of repulsion (worn)
 O - a +2 pair of boots (worn)
 S - +7 fire dragon scales (worn)
 Y - a +4 troll leather armour
Jewellery
 e - a ring of resist corrosion
 l - a ring of protection from fire
 D - a ring of positive energy
 E - the ring "Xosk" (right hand) {rF- Will+ Str+5 Slay+4}
   (You bought it in a shop on level 1 of the Orcish Mines)

   [ring of willpower]

   Str:       It affects your strength (+5).
   Slay:      It affects your accuracy & damage with ranged weapons and melee
   (+4).
   rF:        It makes you vulnerable to fire.
   Will:      It increases your willpower.
 F - the amulet of the Philosopher (around neck) {Acrobat -Cast rF+ SInv}
   (You took it off a deep elf master archer on level 3 of the Elven Halls)

   [amulet of the acrobat]

   It increases your evasion while moving and waiting.
   rF:        It protects you from fire.
   SInv:      It lets you see invisible.
   -Cast:     It prevents spellcasting.
 K - a ring of protection from cold
 Z - the ring of Amorality (left hand) {rC+ Will+ MP-9 Int+3}
   (You found it in an ice cave)

   [ring of protection from cold]

   Int:       It affects your intelligence (+3).
   rC:        It protects you from cold.
   MP:        It affects your magic capacity (-9).
   Will:      It increases your willpower.
Talismans
 a - a blade talisman
Wands
 s - a wand of digging (31)
 w - a wand of polymorph (17)
 y - a wand of charming (57)
 z - a wand of mindburst (24)
 A - a wand of flame (90)
 H - a wand of light (22)
 N - a wand of iceblast (60)
Scrolls
 b - 9 scrolls of revelation
 d - 11 scrolls of poison
 i - 9 scrolls of enchant weapon
 u - 2 scrolls of silence
 C - 8 scrolls of teleportation
 P - 3 scrolls of summoning
 W - 6 scrolls of fear
Potions
 h - 3 potions of invisibility
 k - 2 potions of berserk rage
 m - 7 potions of enlightenment
 o - 4 potions of mutation
 p - 18 potions of curing
 q - 6 potions of brilliance
 t - 5 potions of might
 v - 6 potions of magic
 B - 3 potions of resistance
 G - a potion of heal wounds
 I - 4 potions of ambrosia
 M - 6 potions of cancellation
 X - 3 potions of haste
Miscellaneous
 n - the horn of Geryon
 R - a tin of tremorstones (inert)
 T - a piece from Xom's chessboard (15/15)
 U - a lightning rod (4/4)


   Skills:
 - Level 22.0 Fighting
 O Level 27 Ranged Weapons
 - Level 0.1 Throwing
 - Level 22.0 Armour
 + Level 24.2 Dodging
 - Level 16.0 Stealth
 - Level 6.2 Spellcasting
 - Level 1.0 Hexes
 - Level 1.0 Translocations
 - Level 6.2 Transmutations
 - Level 9.0 Invocations
 - Level 20.0 Evocations


You had 33 spell levels left.
You knew the following spells:

 Your Spells              Type           Power      Damage    Failure   Level
a - Wereblood             Tmut           22%        N/A       4%          2
b - Portal Projectile     Hex/Tloc       14%        N/A       58%         3

Your spell library contained the following spells:

 Spells                   Type           Power      Damage    Failure   Level
 Passwall                 Tmut/Erth      10%        N/A       16%         2
 Apportation              Tloc           14%        N/A       24%         1
 Slow                     Hex            28%        N/A       24%         1
 Freeze                   Ice            16%        1d4       36%         1
 Magic Dart               Conj           16%        1d3       36%         1
 Necrotise                Necr           16%        1d4       36%         1
 Shock                    Conj/Air       16%        1d4       36%         1
 Summon Small Mammal      Summ           16%        N/A       36%         1
 Blink                    Tloc           14%        N/A       36%         2
 Lesser Beckoning         Tloc           14%        N/A       36%         2
 Ensorcelled Hibernation  Hex/Ice        10%        N/A       41%         2
 Ignite Poison            Fire/Tmut/Pois 10%        N/A       43%         3
 Poisonous Vapours        Pois/Air       8%         N/A       50%         2
 Searing Ray              Conj           8%         2d4       50%         2
 Static Discharge         Conj/Air       8%         2-3/arc   50%         2
 Sublimation of Blood     Necr           4%         N/A       50%         2
 Confusing Touch          Hex            7%         N/A       58%         3
 Gell's Gravitas          Tloc           7%         N/A       58%         3
 Teleport Other           Tloc           7%         N/A       58%         3
 Tukima's Dance           Hex            7%         N/A       58%         3
 Dazzling Flash           Conj/Hex       10%        N/A       65%         3
 Summon Guardian Golem    Hex/Summ       5%         N/A       65%         3
 Vhi's Electric Charge    Tloc/Air       10%        N/A       65%         3
 Volatile Blastmotes      Fire/Tloc      10%        2d10      65%         3
 Call Canine Familiar     Summ           4%         N/A       75%         3
 Frozen Ramparts          Ice            8%         1d2       75%         3
 Hailstorm                Conj/Ice       4%         3d4       75%         3
 Mephitic Cloud           Conj/Pois/Air  4%         N/A       75%         3
 Stone Arrow              Conj/Erth      8%         3d7       75%         3
 Swiftness                Air            4%         N/A       75%         3
 Vampiric Draining        Necr           4%         2d6       75%         3
 Manifold Assault         Tloc           7%         N/A       94%         4
 Anguish                  Hex/Necr       2%         N/A       96%         4
 Fulminant Prism          Conj/Hex       2%         3d5       96%         4
 Iskenderun's Mystic Bla  Conj/Tloc      5%         2d3       96%         4
 Leda's Liquefaction      Hex/Erth       2%         N/A       96%         4
 Alistair's Intoxication  Tmut/Pois      8%         N/A       96%         5
 Airstrike                Air            2%         2d(1-17)  98%         4
 Animate Armour           Summ/Erth      8%         N/A       98%         4
 Flame Wave               Conj/Fire      4%         2d5       98%         4
 Summon Ice Beast         Ice/Summ       4%         N/A       98%         4
 Summon Lightning Spire   Summ/Air       4%         N/A       98%         4
 Agony                    Necr           4%         N/A       100%        5
 Arcjolt                  Conj/Air       2%         1d12      100%        5
 Borgnjor's Vile Clutch   Necr/Erth      2%         N/A       100%        5
 Freezing Cloud           Conj/Ice/Air   2%         6-21      100%        5
 Lee's Rapid Deconstruct  Erth           2%         3d4*      100%        5
 Silence                  Hex/Air        2%         N/A       100%        5
 Conjure Ball Lightning   Conj/Air       2%         3x3d6     100%        6
 Eringya's Noxious Bog    Tmut/Pois      6%         4d6       100%        6
 Leda's Unmaking          Conj/Erth      2%         9d1       100%        6
 Plasma Beam              Fire/Air       2%         2x1d12    100%        6
 Simulacrum               Ice/Necr       2%         N/A       100%        6
 Malign Gateway           Summ/Tloc      2%         N/A       100%        7
 Summon Hydra             Summ           2%         N/A       100%        7
 Discord                  Hex            3%         N/A       100%        8
 Disjunction              Tloc           3%         N/A       100%        8
 Summon Horrible Things   Summ           2%         N/A       100%        8
 Polar Vortex             Ice            2%         N/A       100%        9


Dungeon Overview and Level Annotations

Branches:
Dungeon (15/15)            Temple (1/1) D:7            Lair (5/5) D:8
  Swamp (4/4) Lair:3        Snake (4/4) Lair:2        Slime (5/5) Lair:5
    Orc (2/2) D:11            Elf (3/3) Orc:2        Vaults (5/5) D:14
  Crypt (0/3) Vaults:3     Depths (4/4) D:15           Hell (1/1)
    Dis (0/7) Hell            Geh (6/7) Hell            Coc (0/7) Hell
    Tar (0/7) Hell            Zot (0/5) Depths:4    Ossuary (visited)
  IceCv (visited)         Gauntlet (visited)

Altars:
Ashenzari
Elyvilon
Fedhas
Gozag
Hepliaklqana
Nemelex Xobeh
Okawaru
Ru
Sif Muna
Trog
Uskayaw
Vehumet
Yredelemnul
The Shining One
Jiyva

Shops:
D:3 *   D:11 **   Orc:1 =   Orc:2 [**!   Elf:1 ?   Elf:3 *   Snake:2 *=*
Snake:3 ?=   Vaults:3 (

Portals:
Hell: Depths:1 Depths:2 Depths:3 Depths:4
Abyss: Depths:3
Pandemonium: Depths:2
Ziggurat: Depths:3

Annotations:
Vaults:1 2 transporters, Konionua's ghost, adept KoEn


Innate Abilities, Weirdness & Mutations

Your life essence is reduced to manifest your ancestor. (-10% HP)
You are small and have problems with some larger weapons.
You are completely attuned to the shadows.
You have a pair of small horns on your head.
You are very robust. (+20% HP)


Message History

You shoot a bolt. The bolt hits the hellephant!!
The hellephant is heavily wounded.
A putrid mouth comes into view.
The hellephant breathes flames at you. The blast of flame hits you! You resist.
* * * LOW HITPOINT WARNING * * *
The hellephant breathes flames at you. The blast of flame misses you.
You feel much better. The putrid mouth throws miasma at you.
The foul vapour misses you.
Unknown command.
Aiming: Iceblast
Press: ? - help, Shift-Dir - straight line, f/p - hellephant
Aim: a hellephant (heavily wounded, catching its breath)
The mass of ice explodes!
The iceblast engulfs the hellephant!!!
The hellephant is severely wounded.
You are engulfed in dark miasma.
* * * LOW HITPOINT WARNING * * *
The hellephant blinks!
Unknown command.
Unknown command.
Fire: V) +9 triple crossbow (heavy)
Press: ? - help, Shift-Dir - straight line, f - putrid mouth
Aim: a putrid mouth (77% to hit)
You shoot a bolt. The bolt hits the putrid mouth!!!
The putrid mouth is severely damaged.
You are engulfed in dark miasma.
You are poisoned.
You feel yourself slow down.
* * * LOW HITPOINT WARNING * * *
You feel very sick.
Unknown command.
Fire: V) +9 triple crossbow (heavy)
Press: ? - help, Shift-Dir - straight line, f/p - putrid mouth
Aim: a putrid mouth (severely damaged, 77% to hit)
You shoot a bolt. The bolt hits the putrid mouth!!!
You destroy the putrid mouth!
You are engulfed in dark miasma.
You die...

#..≈§§§§..§.......
#..≈.§.≈.≈≈.......
#≈§§§≈.≈.§........
#≈...≈≈...§§§.....
#Y...§...§§.≈≈§...
#...≈...§≈§...§§..
#.≈≈..§§§§§..§§§..
#§∩§≈≈§.≈...≈§§≈..
#@≈≈≈....≈.≈.§§≈..
#..§§.§..§.§......
#.°§§.≈≈..≈.......
#..§≈.§..§........
#.§§§§≈...≈.......
#.§≈§§....≈≈......
#.≈§§§§§§.........
#...≈..§§.........
#...§.§...........


You could see a hellephant.

Vanquished Creatures
  the Royal Jelly (Slime:5)
  2 dread liches (Vaults:5)
  An ancient lich (Vaults:5)
  Mara (Snake:3)
  A juggernaut (Depths:2)
  Saint Roka (Vaults:1)
  the Lernaean hydra (Swamp:4)
  Xtahua (Vaults:4)
  4 caustic shrikes
  Jory (Vaults:4)
  7 golden dragons
  2 Brimstone Fiends (Geh:2)
  4 hellephants
  Zenata (Vaults:4)
  A tainted leviathan (Hell)
  6 tentacled monstrosities
  3 liches
  Asterion (Elf:3)
  A deep elf blademaster (Elf:2)
  4 titans
  2 quicksilver dragons (Depths:3)
  A deep elf master archer (Elf:3)
  7 searing wretches
  12 acid blobs
  5 sphinxes
  A thorn hunter (Swamp:4)
  Gastronok (Orc:1)
  Donald (Elf:3)
  9 shadow dragons
  7 tengu reavers
  Aizul (Snake:3)
  6 storm dragons
  Roxanne (Swamp:3)
  11 nagarajas (Snake:4)
  12 fire giants
  10 azure jellies
  8 rockslimes
  4 deep elf sorcerers (Elf:3)
  10 frost giants
  27 vault wardens
  7 balrugs
  2 iron dragons
  3 spriggan defenders
  3 reapers (Hell)
  A deep elf elementalist (Elf:3)
  4 orc warlords
  A draconian annihilator (Depths:4)
  10 ironbound preservers
  5 quicksilver oozes
  15 very ugly things
  5 war gargoyles
  A draconian stormcaller (Depths:4)
  13 stone giants
  A green draconian (Depths:4)
  5 ironbound thunderhulks
  3 vampire knights
  3 putrid mouths
  5 formless jellyfish
  8 deep elf demonologists
  3 eleionomae
  4 dire elephants
  A minotaur (Gauntlet)
  A purple draconian (Depths:4)
  A black draconian (Depths:4)
  2 bunyips (Swamp:2)
  10 deep elf annihilators (Elf:3)
  A bunyip (shapeshifter) (Vaults:5)
  6 ettins
  A spark wasp (Depths:4)
  A green death (Gauntlet)
  A crystal guardian (Hell)
  3 iron golems (Depths:4)
  6 deep elf high priests
  4 deep elf death magi
  6 great orbs of eyes
  13 yaktaur captains
  9 fire dragons
  6 salamander tyrants
  2 rakshasas
  7 ice dragons
  2 ghost crabs
  20 hydras
  3 ogre magi (Vaults:1)
  5 spriggan air magi
  Harold (Lair:2)
  4 ironbound frosthearts
  6 centaur warriors
  2 stokers
  4 alligators
  26 vault guards
  A caustic shrike simulacrum (Hell)
  Erica (D:9)
  2 anacondas (Snake:3)
  6 boulder beetles
  2 peacekeepers (Vaults:4)
  3 two-headed ogres
  4 catoblepae
  28 dancing weapons
  16 naga warriors
  6 tengu warriors
  6 death yaks (Lair:5)
  2 deep troll shamans
  An orc high priest (Orc:2)
  5 spriggan berserkers
  8 deep troll earth magi
  A demonic crawler (Depths:4)
  31 hell hogs
  Nergalle (Orc:1)
  9 naga sharpshooters
  19 hell knights
  9 shock serpents
  Urug (Lair:2)
  14 deep elf knights
  10 skeletal warriors
  A skyshark (Lair:3)
  4 sun demons
  4 iron trolls
  A spectral catoblepas (Lair:3)
  5 soul eaters (Depths:4)
  A flayed ghost (Depths:3)
  6 large abominations
  2 goliath frogs (Swamp:4)
  A death drake (Swamp:3)
  7 swamp dragons
  4 spriggan druids
  13 deep elf archers
  4 salamander mystics
  2 anaconda zombies (Hell)
  14 ironbound convokers
  36 deep trolls
  2 orange crystal statues (Hell)
  7 phantasmal warriors
  12 bog bodies
  3 glowing orange brains
  4 wizards
  5 spectral hydras
  6 lindwurms
  16 orc knights
  5 naga ritualists
  24 deep elf pyromancers
  21 deep elf zephyrmancers
  An orc sorcerer (Elf:2)
  A wolf spider (Vaults:4)
  A harpy (Vaults:2)
  11 necromancers
  A manticore (shapeshifter) (D:12)
  A tengu skeleton (Vaults:3)
  5 oklob plants
  4 cyclopes
  6 manticores
  A stone giant zombie (Hell)
  A shining eye (Slime:1)
  3 mana vipers
  13 salamanders
  21 ugly things
  7 will-o-the-wisps
  5 elephants (Lair:3)
  2 ice statues
  5 guardian serpents
  24 black mambas
  22 naga magi
  7 gargoyles
  A torpor snail (Lair:3)
  4 smoke demons
  A stone giant skeleton (Vaults:3)
  A guardian serpent (shapeshifter) (Vaults:5)
  2 unseen horrors (Depths:3)
  An orange demon (Depths:2)
  9 cane toads
  A centaur skeleton (Hell)
  15 vault sentinels
  Psyche (D:9)
  5 eyes of devastation
  Maggie (D:6)
  A yaktaur (shapeshifter) (Elf:3)
  A minotaur zombie (Gauntlet)
  5 swamp worm zombies (Swamp:3)
  2 sea snake zombies (Hell)
  An efreet (D:12)
  A storm dragon simulacrum (Hell)
  2 kobold demonologists
  11 rime drakes
  3 freezing wraiths
  2 hellions
  7 komodo dragons
  A tengu conjurer (Depths:1)
  A tormentor (Geh:5)
  27 yaktaurs
  4 ice devils (Depths:4)
  5 trolls
  A queen bee (Lair:3)
  2 elf skeletons (Vaults:3)
  2 sea snake skeletons (Hell)
  2 red devils (Depths:2)
  2 bloated husks
  7 polar bears
  12 hornets
  6 tyrant leeches
  6 dream sheep (Lair:5)
  A hydra skeleton (Hell)
  5 alligator zombies
  14 blink frogs
  A spectral swamp dragon (Swamp:3)
  Sigmund (D:6)
  An air elemental (Elf:1)
  12 spriggans
  56 slime creatures
  A shadow (D:11)
  6 water elementals
  2 ynoxinuls (Depths:2)
  2 ettin skeletons (Vaults:3)
  2 small abominations (Depths:3)
  3 wyverns
  8 wraiths
  7 basilisks
  A tyrant leech zombie (Swamp:3)
  A hog (Swamp:3)
  37 yaks
  A golden eye (Slime:5)
  12 humans (D:14)
  A redback (D:12)
  13 swamp worms
  6 chaos spawn
  9 wargs (Orc:2)
  5 acid dragons
  36 nagas
  3 glowing shapeshifter skeletons (Vaults:3)
  8 water moccasins
  3 floating eyes
  4 sky beasts (Depths:1)
  5 swamp drakes
  2 spectral blink frogs (Lair:3)
  28 orc warriors
  A black bear (D:4)
  4 ice beasts
  5 ogres
  5 boggarts
  2 centaurs
  6 wolves (Lair:3)
  2 human skeletons (Vaults:3)
  3 elf zombies (Ossuary)
  A phantom (D:4)
  2 kobold brigands
  3 earth elementals
  6 bullfrogs
  3 scorpions
  3 spriggan zombies
  A troll zombie (Swamp:3)
  5 lindwurm simulacra (IceCv)
  43 killer bees
  5 howler monkeys
  An electric eel (D:12)
  7 komodo dragon simulacra (IceCv)
  3 jellies
  6 orc priests
  A hound (D:5)
  2 sleepcaps
  2 gnoll boudas (D:9)
  Crazy Yiuf (D:5)
  Jessica (D:2)
  Natasha (thrice) (D:2)
  2 iguanas (D:6)
  18 orc wizards
  5 hell rats (Lair:5)
  A hound zombie (Ossuary)
  5 mummies
  A river rat (Lair:3)
  2 acid dragon simulacra (IceCv)
  9 adders
  14 gnolls
  A white imp (D:6)
  5 steam dragon simulacra (IceCv)
  2 ufetubi (D:5)
  An adder zombie (Ossuary)
  A worm (D:2)
  3 dart slugs
  77 orcs
  7 ball pythons
  15 endoplasms
  4 giant cockroaches
  11 hobgoblins
  7 jackals
  4 quokkas
  4 bats
  4 frilled lizards
  8 goblins
  A hobgoblin zombie (Ossuary)
  A jackal zombie (Ossuary)
  11 kobolds
  2 kobold zombies (Ossuary)
  3 orc zombies (Ossuary)
  4 rats
  4 creeping infernos
  28 fire vortices
1819 creatures vanquished.

Vanquished Creatures (collateral kills)
  2 caustic shrikes (Depths:4)
  Geryon (Hell)
  2 hellephants
  A lich (Vaults:1)
  A titan (Vaults:5)
  2 acid blobs (Slime:5)
  2 searing wretches
  A deep elf master archer (Elf:3)
  Agnes (Snake:3)
  Kirke (Swamp:3)
  3 tengu reavers
  A shadow dragon (Depths:3)
  2 azure jellies
  3 storm dragons
  3 rockslimes (Slime:5)
  A nagaraja (Snake:4)
  6 fire giants
  A balrug (Geh:5)
  2 frost giants
  2 vault wardens
  A deep elf elementalist (Elf:3)
  A draconian shifter (Depths:4)
  8 ironbound preservers
  A reaper (Hell)
  2 stone giants
  10 very ugly things
  A quicksilver ooze (Slime:5)
  A deep elf demonologist (Elf:3)
  2 deep elf annihilators (Elf:3)
  A red draconian (Depths:4)
  3 spark wasps (Depths:4)
  4 dire elephants
  2 deep elf death magi
  An entropy weaver (Vaults:2)
  30 slime creatures
  2 ice dragons
  3 fire dragons
  A great orb of eyes (Vaults:4)
  A salamander tyrant (Geh:2)
  A yaktaur captain (Vaults:2)
  2 hydras (Swamp:4)
  8 vault guards
  An ogre mage (Vaults:5)
  2 centaur warriors
  A boulder beetle (D:12)
  A spriggan air mage (Depths:3)
  A ghost crab (Gauntlet)
  2 anacondas
  An ironbound frostheart (Vaults:1)
  2 dancing weapons (Elf:2)
  3 alligators
  4 naga warriors (Snake:4)
  9 hell hogs
  3 deep troll shamans
  A death yak (Lair:5)
  A two-headed ogre (D:12)
  3 spriggan berserkers (Depths:4)
  4 deep troll earth magi
  2 demonic crawlers (Depths:4)
  5 deep elf knights
  6 hell knights
  4 sun demons
  An iron troll (Depths:2)
  A skeletal warrior (D:15)
  A bunyip zombie (Hell)
  A large abomination (Depths:3)
  A spriggan druid (Swamp:4)
  2 glowing orange brains
  2 bog bodies (Swamp:1)
  5 deep trolls
  3 deep elf archers (Elf:3)
  A flayed ghost (Vaults:5)
  2 swamp dragons (Swamp:4)
  A spectral hydra (Lair:3)
  3 orc knights
  6 ironbound convokers
  3 wizards
  2 harpies (Vaults:2)
  A shining eye (Depths:3)
  2 necromancers
  2 goliath frog zombies (Swamp:3)
  A cyclops (D:12)
  9 deep elf zephyrmancers
  4 deep elf pyromancers
  A manticore (D:12)
  4 salamanders
  A faun (shapeshifter) (Vaults:5)
  An ice statue (IceCv)
  2 elephants (Lair:3)
  6 ugly things
  A will-o-the-wisp (Swamp:3)
  5 black mambas
  3 guardian serpents
  4 naga magi
  2 cane toads
  A vault sentinel (Vaults:5)
  An unseen horror (Depths:3)
  5 yaktaurs
  2 sea snake zombies (Hell)
  2 komodo dragons
  2 swamp worm zombies (Swamp:3)
  3 ice devils (Depths:4)
  2 trolls
  A red devil (Hell)
  A harpy zombie (Hell)
  A tyrant leech (Swamp:3)
  5 hornets
  3 blink frogs
  A dream sheep (Lair:5)
  A spectral swamp dragon (Swamp:3)
  An alligator zombie (Swamp:3)
  An air elemental (Elf:3)
  A shadow (D:12)
  3 spriggans
  2 wyverns (Lair:3)
  10 yaks
  A hog (Swamp:3)
  7 humans (D:14)
  2 golden eyes (Slime:5)
  A chaos spawn (Depths:3)
  3 basilisks
  6 redbacks (D:12)
  2 wargs (Orc:2)
  3 swamp worms
  8 nagas
  3 water moccasins
  A glowing shapeshifter skeleton (Vaults:3)
  4 swamp drakes
  A spectral blink frog (Lair:3)
  An alligator simulacrum (Hell)
  10 orc warriors
  An ogre (Orc:2)
  2 boggarts (Vaults:2)
  2 bullfrogs
  A kobold brigand (D:10)
  A small abomination (Depths:3)
  5 killer bees
  4 orc priests
  2 orc wizards
  2 hell rats (Lair:5)
  A gnoll (D:9)
  2 steam dragon simulacra (IceCv)
  14 orcs
  2 kobolds (D:10)
  A creeping inferno (Geh:2)
  4 fire vortices
410 creatures vanquished.

Vanquished Creatures (others)
  An ettin (Depths:4)
  2 yaktaur captains (Vaults:5)
  A centaur warrior (Vaults:2)
  A naga sharpshooter (Snake:4)
  A bog body (Swamp:3)
  2 deep elf archers
  6 yaktaurs
  A human (Swamp:3)
  30 knights
  7 ancestors
  An orc wizard (Orc:2)
  An orc (Vaults:5)
  3 creeping infernos
  A fire vortex (Geh:2)
  10 foxfires (Swamp:3)
68 creatures vanquished.

Grand Total: 2297 creatures vanquished

Notes
Turn   | Place    | Note
-------+----------+-------------------------------------------
     0 | D:1      | Newt the Kobold Hunter began the quest for the Orb.
     0 | D:1      | Reached XP level 1. HP: 12/12 MP: 1/1
    76 | D:1      | Found a faded altar of an unknown god.
   241 | D:1      | Reached XP level 2. HP: 10/18 MP: 2/2
   693 | D:1      | Reached XP level 3. HP: 21/23 MP: 3/3
  1016 | D:2      | Noticed Natasha
  1023 | D:2      | Killed Natasha
  1024 | D:2      | Reached XP level 4. HP: 19/30 MP: 4/4
  1111 | D:2      | Noticed Natasha
  1115 | D:2      | Killed Natasha
  1116 | D:2      | Reached skill level 5 in Fighting
  1124 | D:2      | Reached XP level 5. HP: 35/35 MP: 5/5
  1345 | D:2      | Noticed Natasha
  1346 | D:2      | Noticed Jessica
  1351 | D:2      | Killed Natasha
  1352 | D:2      | Reached skill level 6 in Ranged Weapons
  1363 | D:2      | Killed Jessica
  1527 | D:3      | Reached skill level 7 in Ranged Weapons
  1527 | D:3      | Reached XP level 6. HP: 40/40 MP: 6/6
  1571 | D:3      | Found a hide-covered altar of Uskayaw.
  1621 | D:3      | Found a glowing golden altar of the Shining One.
  1624 | D:3      | Found Hine's Assorted Antiques.
  1631 | D:3      | Bought a scroll of identify for 54 gold pieces
  1903 | D:3      | Reached skill level 8 in Ranged Weapons
  2194 | D:3      | Found a blossoming altar of Fedhas.
  2271 | D:4      | Reached XP level 7. HP: 41/44 MP: 7/7
  2280 | D:4      | Found a sand-covered staircase.
  2293 | Ossuary  | Entered an ossuary
  2333 | Ossuary  | Reached skill level 9 in Ranged Weapons
  2353 | Ossuary  | HP: 2/44 [mummy (2)]
  2628 | Ossuary  | Reached skill level 10 in Ranged Weapons
  2715 | Ossuary  | Identified the +4 falchion "Vuuskol" {heavy, *Slow Fragile
                  | rCorr Int+5}
  3364 | D:4      | Reached XP level 8. HP: 49/49 MP: 8/8
  3467 | D:5      | Entered Level 5 of the Dungeon
  3518 | D:5      | Reached skill level 5 in Dodging
  3636 | D:5      | Noticed a hornet
  3649 | D:5      | Killed a hornet
  3774 | D:5      | Found a white marble altar of Elyvilon.
  3942 | D:5      | Found a broken altar of Ashenzari.
  4268 | D:5      | Found a runed translucent door.
  4271 | D:5      | Noticed Crazy Yiuf
  4301 | D:5      | Killed Crazy Yiuf
  4436 | D:6      | Noticed a yak
  4437 | D:6      | Noticed a yak
  4438 | D:6      | Noticed a yak
  4460 | D:5      | Killed a yak
  4461 | D:5      | Reached XP level 9. HP: 56/59 MP: 9/9
  4465 | D:5      | Reached skill level 11 in Ranged Weapons
  4490 | D:6      | Reached skill level 12 in Ranged Weapons
  4626 | D:6      | Noticed Maggie
  4647 | D:6      | Killed Maggie
  5013 | D:6      | Reached skill level 13 in Ranged Weapons
  5429 | D:6      | Found a sacrificial altar of Ru.
  5429 | D:6      | Found a basalt altar of Yredelemnul.
  5429 | D:6      | Found a radiant altar of Vehumet.
  5492 | D:6      | Noticed Sigmund
  5497 | D:6      | Killed Sigmund
  5756 | D:7      | Reached skill level 14 in Ranged Weapons
  5759 | D:7      | Reached skill level 1 in Evocations
  5768 | D:7      | Reached XP level 10. HP: 63/64 MP: 10/10
  5850 | D:7      | Identified the +8 scimitar of Lecuhi {heavy, rElec Int+2
                  | SInv Stlth-}
  6015 | D:7      | Found a staircase to the Ecumenical Temple.
  6036 | Temple   | Entered the Ecumenical Temple
  6106 | Temple   | Became a worshipper of Hepliaklqana the Forgotten
  6209 | D:7      | Reached skill level 5 in Evocations
  6537 | D:8      | Noticed a two-headed ogre
  6555 | D:8      | Killed a two-headed ogre
  6711 | D:8      | Found an iron altar of Okawaru.
  6821 | D:8      | Reached skill level 1 in Spellcasting
  6821 | D:8      | Reached skill level 1 in Transmutations
  7194 | D:8      | Found a staircase to the Lair.
  7239 | D:8      | Reached * piety under Hepliaklqana
  7359 | Lair:1   | Entered Level 1 of the Lair of Beasts
  7364 | Lair:1   | Noticed a cane toad
  7374 | Lair:1   | Killed a cane toad
  7391 | Lair:1   | Reached XP level 11. HP: 61/61 MP: 13/15
  7394 | Lair:1   | Learned a level 2 spell: Wereblood
  7819 | Lair:1   | Reached skill level 5 in Spellcasting
  7819 | Lair:1   | Reached skill level 5 in Transmutations
  8485 | Lair:1   | Noticed a four-headed hydra
  8500 | Lair:1   | Killed a four-headed hydra
  8906 | Lair:2   | Noticed a spriggan rider
  9078 | Lair:2   | Noticed Harold
  9088 | Lair:2   | Killed Harold
  9089 | Lair:2   | Reached skill level 15 in Ranged Weapons
  9144 | Lair:2   | Noticed a five-headed hydra
  9147 | Lair:2   | Reached XP level 12. HP: 65/65 MP: 19/21
  9166 | Lair:2   | Killed a five-headed hydra
  9167 | Lair:2   | Reached skill level 16 in Ranged Weapons
  9742 | Lair:2   | Noticed a five-headed hydra
  9752 | Lair:2   | Killed a five-headed hydra
  9753 | Lair:2   | Reached skill level 17 in Ranged Weapons
  9844 | Lair:2   | Reached ** piety under Hepliaklqana
  9845 | Lair:2   | Remembered your ancestor Cipactli as a knight
  9847 | Lair:2   | Found a staircase to the Snake Pit.
 10149 | Lair:2   | Noticed Urug
 10168 | Lair:2   | Killed Urug
 10413 | Lair:2   | Reached skill level 18 in Ranged Weapons
 10693 | Lair:3   | Noticed a skyshark
 10715 | Lair:3   | Found a gate leading to a gauntlet.
 10721 | Gauntlet | Entered a Gauntlet
 10721 | Gauntlet | Found a transporter.
 10721 | Gauntlet | Found a transporter.
 10730 | Gauntlet | Noticed a death scarab
 10958 | Gauntlet | Found a transporter.
 10975 | Gauntlet | Found a transporter.
 10975 | Gauntlet | Noticed a death yak
 10976 | Gauntlet | Noticed a death yak
 10977 | Gauntlet | Noticed a death yak
 10978 | Gauntlet | Noticed a death yak
 10980 | Gauntlet | Noticed a death yak
 10982 | Gauntlet | Noticed a death yak
 10994 | Gauntlet | Found a transporter.
 10997 | Gauntlet | Found a transporter.
 11022 | Gauntlet | Noticed a green death
 11024 | Gauntlet | Found a transporter.
 11032 | Gauntlet | Noticed a ghost crab
 11054 | Gauntlet | Found a transporter.
 11118 | Gauntlet | Found a transporter.
 11126 | Gauntlet | Found a transporter.
 11131 | Gauntlet | Noticed a reaper
 11148 | Gauntlet | Found a transporter.
 11155 | Gauntlet | Found a transporter.
 11243 | Gauntlet | Found a transporter.
 11251 | Gauntlet | Found a transporter.
 11273 | Gauntlet | Found a transporter.
 11280 | Gauntlet | Found a transporter.
 11468 | Gauntlet | Killed a ghost crab
 11548 | Gauntlet | Identified the +1 pair of gloves of Greed {Rampage rF-
                  | Str+8}
 11595 | Gauntlet | Identified the ring "Ybroept" {rPois Str+6 Int+2}
 11611 | Gauntlet | Killed a green death
 11659 | Gauntlet | Noticed a minotaur
 11669 | Gauntlet | Killed a minotaur
 11670 | Gauntlet | Reached skill level 10 in Dodging
 11671 | Gauntlet | Identified the +9 glaive "Miumozump" {flame, rElec rPois
                  | rCorr}
 11671 | Gauntlet | Identified the +8 short sword of Awkimiss {venom, Will-
                  | Int+3}
 11672 | Gauntlet | Got the Incunable of Energetic Incandescence
 11837 | Lair:3   | Reached XP level 13. HP: 36/70 MP: 22/22
 12099 | Lair:3   | Reached skill level 1 in Armour
 12271 | Lair:3   | Reached *** piety under Hepliaklqana
 12597 | Lair:3   | Found a staircase to the Swamp.
 12597 | Lair:3   | Noticed a ghost crab
 12617 | Lair:3   | Killed a ghost crab
 12618 | Lair:3   | Reached skill level 5 in Armour
 13327 | Lair:3   | Reached XP level 14. HP: 67/75 MP: 23/23
 14051 | Lair:3   | Identified 3 scrolls of acquirement
 14054 | Lair:3   | Acquired 644 gold pieces
 14056 | Lair:3   | Acquired a +2 heavy triple crossbow
 14062 | Lair:3   | Acquired a manual of Evocations
 14065 | Lair:3   | Identified the +3 dagger "Nylat" {venom, Dex+2}
 14483 | Lair:4   | Identified the +2 cloak "Vetes" {rC++ Str+3}
 14579 | Lair:4   | Reached **** piety under Hepliaklqana
 15066 | Lair:5   | Entered Level 5 of the Lair of Beasts
 15108 | Lair:5   | Reached skill level 10 in Evocations
 15663 | Lair:5   | Found a staircase to the Slime Pits.
 15665 | Lair:5   | Found a viscous altar of Jiyva.
 15796 | Lair:5   | Reached skill level 10 in Fighting
 15898 | Lair:5   | Found the -2 hat of the Alchemist {rElec rPois rF+ rC+ rN+
                  | Will+ rMut rCorr}
 16461 | D:9      | Reached XP level 15. HP: 82/85 MP: 21/24
 16514 | D:9      | Found an opulent altar of Gozag.
 16514 | D:9      | Noticed Psyche
 16534 | D:9      | Killed Psyche
 16535 | D:9      | Reached skill level 1 in Invocations
 16857 | D:9      | Found a transporter.
 16859 | D:9      | Found a transporter.
 16894 | D:9      | Reached ***** piety under Hepliaklqana
 16954 | D:9      | Noticed Erica
 16955 | D:9      | Killed Erica
 17346 | D:10     | Entered Level 10 of the Dungeon
 17601 | D:10     | Reached skill level 5 in Invocations
 17877 | D:10     | Identified the +1 war axe of Rak Ujir {venom, rElec Will+++
                  | Str+4 Stlth-}
 18026 | D:11     | Found a frozen archway.
 18033 | IceCv    | Entered an ice cave
 18158 | IceCv    | Identified the ring of Amorality {rC+ Will+ MP-9 Int+3}
 18467 | D:11     | Found Fiosmuxu's General Store.
 18472 | D:11     | Bought a potion of mutation for 104 gold pieces
 18817 | D:11     | Found a staircase to the Orcish Mines.
 18913 | D:11     | Found Ittuuraz's Fire Supplies.
 19185 | Orc:1    | Entered Level 1 of the Orcish Mines
 19209 | Orc:1    | Noticed Gastronok
 19210 | Orc:1    | Noticed Nergalle
 19215 | Orc:1    | Killed Gastronok
 19220 | Orc:1    | Killed Nergalle
 19280 | Orc:1    | Found Ukaiw's Jewellery Shop.
 19295 | Orc:1    | Bought the ring "Xosk" {rF- Will+ Str+5 Slay+4} for 836
                  | gold pieces
 19449 | Orc:2    | Entered Level 2 of the Orcish Mines
 19530 | Orc:2    | Found Raymi Feska's Assorted Antiques.
 19540 | Orc:2    | Found Viuruck's Distillery.
 19547 | Orc:2    | Bought a potion of haste for 150 gold pieces
 19547 | Orc:2    | Bought a potion of haste for 150 gold pieces
 19547 | Orc:2    | Bought a potion of heal wounds for 75 gold pieces
 19547 | Orc:2    | Bought a potion of heal wounds for 75 gold pieces
 19824 | Orc:2    | Reached skill level 10 in Armour
 20139 | Orc:2    | Found a staircase to the Elven Halls.
 20253 | Orc:2    | Found Togotsi's Armour Shoppe.
 20263 | Orc:2    | Found Woidih's General Store.
 20268 | Orc:2    | Bought a scroll of enchant armour for 112 gold pieces
 20648 | Swamp:1  | Entered Level 1 of the Swamp
 20660 | Swamp:1  | Reached XP level 16. HP: 85/90 MP: 16/25
 21075 | Swamp:1  | HP: 1/90 [something (29)]
 21449 | Swamp:1  | Reached ****** piety under Hepliaklqana
 23420 | Swamp:2  | Reached skill level 15 in Evocations
 23425 | Swamp:2  | Gained mutation: You passively map a small area around you.
                  | [potion of mutation]
 23425 | Swamp:2  | Gained mutation: You have sharp toenails. [potion of
                  | mutation]
 23425 | Swamp:2  | Gained mutation: You have a pair of small horns on your
                  | head. [potion of mutation]
 23426 | Swamp:2  | Lost mutation: You passively map a small area around you.
                  | [potion of mutation]
 23426 | Swamp:2  | Lost mutation: You have a pair of small horns on your head.
                  | [potion of mutation]
 23426 | Swamp:2  | Lost mutation: You have sharp toenails. [potion of
                  | mutation]
 23426 | Swamp:2  | Gained mutation: You are robust. (+10% HP) [potion of
                  | mutation]
 23426 | Swamp:2  | Gained mutation: You have a pair of small horns on your
                  | head. [potion of mutation]
 23426 | Swamp:2  | Gained mutation: You are very robust. (+20% HP) [potion of
                  | mutation]
 23628 | Swamp:3  | Noticed Roxanne
 23631 | Swamp:3  | Killed Roxanne
 23727 | Swamp:3  | Noticed Kirke
 23729 | Swamp:3  | Killed Kirke
 24140 | Swamp:3  | Reached XP level 17. HP: 108/114 MP: 17/26
 24325 | Swamp:3  | Got the Precepts of Evolved Topomancy
 24486 | Swamp:3  | Reached skill level 15 in Dodging
 25073 | Swamp:3  | Reached skill level 5 in Stealth
 25086 | Swamp:3  | Identified the ring of Crawling {*Corrode rC++ AC+4 Int+3}
 25174 | Swamp:4  | Entered Level 4 of the Swamp
 25471 | Swamp:4  | Noticed the 27-headed Lernaean hydra
 25478 | Swamp:4  | Killed the 26-headed Lernaean hydra
 25486 | Swamp:4  | Noticed a thorn hunter
 25491 | Swamp:4  | Killed a thorn hunter
 25694 | Swamp:4  | Got a decaying rune of Zot
 26333 | Snake:1  | Entered Level 1 of the Snake Pit
 27163 | Snake:2  | Reached skill level 10 in Stealth
 27236 | Snake:2  | Found Xoeg's Assorted Antiques.
 27241 | Snake:2  | Bought a potion of heal wounds for 150 gold pieces
 27241 | Snake:2  | Bought a thick robe for 171 gold pieces
 27241 | Snake:2  | Identified the +1 robe "Joarib" {rElec} (You bought it in a
                  | shop on level 2 of the Snake Pit)
 27242 | Snake:2  | Found Dadiud's Jewellery Emporium.
 27543 | Snake:2  | Found Ynalas's Overcharged Wands.
 27818 | Snake:3  | Reached XP level 18. HP: 127/127 MP: 15/27
 27978 | Snake:3  | Noticed Mara
 27984 | Snake:3  | Noticed Newt's illusion
 28224 | Snake:3  | Noticed Newt's illusion
 28227 | Snake:3  | Killed Mara
 28386 | Snake:3  | Found Attu's Magic Scroll Boutique.
 28388 | Snake:3  | Found Miothroe's Jewellery Boutique.
 28402 | Snake:3  | Noticed Aizul
 28404 | Snake:3  | Killed Aizul
 28531 | Snake:3  | Noticed Agnes
 28541 | Snake:3  | Killed Agnes
 28542 | Snake:3  | Reached skill level 19 in Ranged Weapons
 29253 | Snake:3  | Reached skill level 20 in Ranged Weapons
 29560 | Snake:4  | Entered Level 4 of the Snake Pit
 30203 | Snake:4  | Reached skill level 21 in Ranged Weapons
 30514 | Snake:4  | Reached XP level 19. HP: 128/133 MP: 19/28
 30602 | Snake:4  | Reached skill level 22 in Ranged Weapons
 31045 | Snake:4  | Got a serpentine rune of Zot
 31172 | Snake:4  | Reached skill level 23 in Ranged Weapons
 31407 | Snake:4  | Identified the +4 hat "Sogamerch" {Dex+2}
 31819 | Elf:1    | Entered Level 1 of the Elven Halls
 32068 | Elf:1    | Reached skill level 24 in Ranged Weapons
 32192 | Elf:1    | Found Xucameod's Magic Scroll Emporium.
 32197 | Elf:1    | Bought a scroll of enchant weapon for 120 gold pieces
 32197 | Elf:1    | Bought a scroll of brand weapon for 152 gold pieces
 33196 | Elf:2    | Reached XP level 20. HP: 139/139 MP: 20/29
 33232 | Elf:2    | Found a runed translucent gate.
 33232 | Elf:2    | Found a runed translucent gate.
 33233 | Elf:2    | Found a runed translucent gate.
 34083 | Elf:3    | Entered Level 3 of the Elven Halls
 34453 | Elf:3    | Reached skill level 25 in Ranged Weapons
 34662 | Elf:3    | Noticed Donald
 34665 | Elf:3    | Killed Donald
 34994 | Elf:2    | Reached skill level 26 in Ranged Weapons
 35276 | Elf:3    | Identified the amulet of the Philosopher {Acrobat -Cast rF+
                  | SInv}
 35377 | Elf:3    | Identified the +3 hand axe "Odghoeny" {heavy, Fragile Dex+3
                  | SInv}
 35384 | Elf:3    | Reached XP level 21. HP: 128/145 MP: 21/30
 35507 | Elf:3    | Identified the +3 chain mail of the Lute {Rampage rCorr
                  | Str-2 SInv}
 35562 | Elf:3    | Identified the staff "Imp's Nightmare" {rC+ rCorr Dex-3
                  | Stlth+ Ice}
 35642 | Elf:3    | Identified the +7 chain mail of Incorporation {rPois rF-
                  | rC+ Int+4}
 35752 | Elf:3    | Found Igasotut's General Store.
 35881 | Elf:3    | Noticed Asterion
 35883 | Elf:3    | Paralysed by an air elemental for 1 turns
 35896 | Elf:3    | Killed Asterion
 37521 | D:12     | Identified the +4 rapier "Eviscerator" {spect, Fragile rF+
                  | rC+ rN+}
 38948 | D:14     | Found a gate to the Vaults.
 39011 | D:14     | Learned a level 3 spell: Portal Projectile
 39062 | D:14     | Identified the +3 dagger of the Lumpy Knives {holy, rF++
                  | Int-2 SInv}
 39153 | D:14     | Reached skill level 1 in Hexes
 39153 | D:14     | Reached skill level 1 in Translocations
 39616 | Vaults:1 | Entered Level 1 of the Vaults
 40144 | Vaults:1 | Reached XP level 22. HP: 137/150 MP: 22/31
 40227 | Vaults:1 | Noticed Saint Roka
 40232 | Vaults:1 | Killed Saint Roka
 40546 | Vaults:1 | Found a transporter.
 40551 | Vaults:1 | Found a transporter.
 40576 | Vaults:1 | Identified the ring of Zygell Vuvo {MP+9 Str+3 Slay-6 SInv}
 40578 | Vaults:1 | Noticed Konionua's ghost (adept KoEn)
 40611 | Vaults:1 | Found a transporter.
 40659 | Vaults:1 | Identified the +4 hand axe "Ikygotate" {elec, Fly rF- rCorr
                  | Dex+6}
 41043 | Vaults:1 | Found a shimmering blue altar of Sif Muna.
 41077 | Vaults:1 | Found a transporter.
 41091 | Vaults:1 | Identified the -1 pair of gloves of Compression {Slay+2}
 41151 | Vaults:1 | Identified the +1 hat of the Armoured One {rElec Int-4 SInv
                  | Stlth+}
 43111 | Vaults:3 | Reached skill level 27 in Ranged Weapons
 43117 | Vaults:3 | Found Recenieb's Weapon Shoppe.
 43197 | Vaults:3 | Acquired a manual of Fighting
 43376 | Vaults:3 | Reached skill level 15 in Fighting
 43379 | Vaults:3 | Found a staircase to the Crypt.
 43833 | Vaults:3 | Reached XP level 23. HP: 162/162 MP: 18/32
 44214 | Vaults:4 | Identified the +2 quarterstaff of Dawn {freeze, Int+4}
 45067 | Vaults:4 | Noticed Xtahua
 45071 | Vaults:4 | Killed Xtahua
 45071 | Vaults:4 | Noticed Zenata
 45079 | Vaults:4 | Killed Zenata
 45300 | Vaults:4 | Noticed Jory
 45308 | Vaults:4 | Killed Jory
 45477 | Vaults:5 | Entered Level 5 of the Vaults
 46225 | Vaults:4 | Reached XP level 24. HP: 150/184 MP: 23/32
 46370 | Vaults:5 | Noticed a dread lich
 46497 | Vaults:5 | Reached skill level 15 in Stealth
 46685 | Vaults:5 | Killed a dread lich
 46799 | Vaults:5 | Identified the +0 robe of Gravity {rF- Regen+ Str+3 Int+2}
 46804 | Vaults:5 | Identified the +4 lajatang "Rimaal" {spect, Will++ Dex-5}
 46860 | Vaults:5 | Reached skill level 15 in Armour
 46860 | Vaults:5 | Noticed an ancient lich
 46863 | Vaults:5 | Killed an ancient lich
 46865 | Vaults:5 | Noticed a golden dragon
 47034 | Vaults:5 | Noticed a dread lich
 47039 | Vaults:5 | Killed a dread lich
 47155 | Vaults:5 | Got a silver rune of Zot
 47228 | Vaults:5 | Identified the +6 trident "Uptel" {venom, Int+4}
 47358 | Vaults:5 | Noticed a golden dragon
 47361 | Vaults:5 | Killed a golden dragon
 47389 | Vaults:5 | Identified the staff "Weisuptu" {rElec rN+ Str-2 Int+3
                  | Dex+2 Necro}
 47415 | Vaults:5 | Reached XP level 25. HP: 190/190 MP: 23/32
 47500 | Vaults:5 | Identified the +0 scale mail of the Other World {rN+ Str+2
                  | Int+3}
 48189 | Vaults:5 | Identified the +2 helmet of Metien {Str+4 Int-2}
 48767 | Slime:1  | Entered Level 1 of the Pits of Slime
 49363 | Slime:5  | Entered Level 5 of the Pits of Slime
 49635 | Slime:5  | Noticed the Royal Jelly
 49644 | Slime:5  | Killed the Royal Jelly
 49840 | Slime:5  | Identified the +0 plate armour of the Armadillo {Will+}
 49842 | Slime:5  | Got a slimy rune of Zot
 50307 | Slime:5  | Identified the +4 quarterstaff "Wagirent" {freeze, rElec
                  | rC- Int+3 Dex+4}
 50322 | Slime:5  | Identified the +8 war axe "Fugo" {heavy, Contam Fly rC+
                  | Int+3}
 50323 | Slime:5  | Identified the +8 plate armour "Eroonig" {rF+++ rCorr Str-3
                  | Stlth-}
 50387 | Slime:5  | Got the Meditations on the Rocks and Freezing
 50525 | Slime:5  | Identified the +6 mace of Dismemberment {heavy, rF+ rC+
                  | Will+ Int-5}
 50893 | D:15     | Entered Level 15 of the Dungeon
 51005 | D:15     | Found a staircase to the Depths.
 51017 | Depths:1 | Entered Level 1 of the Depths
 51462 | Depths:1 | Found a gateway to Hell.
 51993 | Depths:2 | Reached XP level 26. HP: 172/196 MP: 23/32
 52204 | Depths:2 | Found a hazy altar of Hepliaklqana.
 52580 | Depths:2 | Found a one-way gate leading to the halls of Pandemonium.
 52729 | Depths:2 | Noticed a juggernaut
 52733 | Depths:2 | Killed a juggernaut
 52742 | Depths:2 | Identified the staff "Imp's Demise" {rPois Will+ Str+2
                  | Stlth+ Poison}
 53386 | Depths:3 | Found a one-way gateway to a ziggurat.
 53395 | Depths:3 | Paralysed by a floating eye for 2 turns
 53571 | Depths:3 | Found a one-way gate to the infinite horrors of the Abyss.
 53658 | Depths:3 | Paralysed by a floating eye for 4 turns
 54306 | Depths:3 | Found a shimmering blue altar of Sif Muna.
 54465 | Depths:4 | Entered Level 4 of the Depths
 54613 | Depths:4 | Found a gate to the Realm of Zot.
 54686 | Depths:4 | Reached XP level 27. HP: 198/202 MP: 23/32
 56425 | Hell     | Entered the Vestibule of Hell
 56426 | Hell     | Noticed Geryon
 57221 | Hell     | Killed Geryon
 57754 | Depths:4 | Upgraded the game from 0.31-a0-246-g8cbcc1cb85 to
                  | 0.31-a0-263-ge8cad7f256
 58433 | Hell     | Found a gateway to the Iron City of Dis.
 58656 | Hell     | Found a gateway to the decaying netherworld of Tartarus.
 58796 | Hell     | Found a gateway to the ashen valley of Gehenna.
 58878 | Hell     | Found a gateway to the freezing wastes of Cocytus.
 58982 | Geh:1    | Entered Level 1 of Gehenna
 60235 | Geh:3    | You fall into a shaft and drop 2 floors!
 60666 | Hell     | Engulfed by a cloud of foul pestilence

Illustrated notes

Levels and vault maps discovered:
D:1:      dpeg_cavernosity, layout_loops_ring,
          hellmonk_ecumenical_altar_dog_temple
D:2:      layout_rooms, minmay_statues_item, uniq_jessica, uniq_natasha
D:3:      layout_basic, fedhas_ov_isle_minmay, eat_drink_and_be_merry_uskayaw,
          tso_metal_star, serial_shops, shop, minmay_joined_circles
D:4:      layout_cave_pools, serial_glass, glass_columns_a, glass_columns_b,
          item_on_display_a, due_unseen_surprise, feat_on_display,
          gup_ossuary_entry_pyramid, amcnicky_mini_pool_small,
          hangedman_decor_push, serial_bayou_lagoon_a, kennysheep_dice
D:5:      layout_loops_cross, elyvilon_altar_1,
          mainiacjoe_overflow_small_starburst, uniq_crazy_yiuf_cottage
D:6:      layout_gridville, gammafunk_temple_overflow_claw, grunt_ministairs_10,
          minmay_misc_feat_plants, grunt_decor_junction, uniq_maggie,
          uniq_sigmund
D:7:      layout_cave_pools, minmay_temple_entry_purple_smoke,
          hangedman_decor_diamond_cutter, serial_bayou_pond_e
D:8:      layout_rooms, mainiacjoe_overflow_cross_hatched, lair_entry_dummy,
          palyth_stone_intersect
D:9:      gammafunk_boulding_lane, layout_small_grid, amcnicky_altar_gilded,
          eino_tiny_chamber, uniq_psyche, uniq_erica
D:10:     layout_loops_ring
D:11:     layout_loops_cross, minmay_orc_entry_temple_small, serial_shops,
          nicolae_shop_stone, portal_ice_cave_entry_pillars_1,
          grunt_ministairs_15, nicolae_shop_fire_sale [nicolae_sub_dead_trees],
          hangedman_corner_corridor
D:12:     nicolae_fronds_of_death, layout_basic, drop_trap
D:13:     layout_gridville
D:14:     layout_irregular_city, grunt_vaults_entry_tiered, serial_park_square1
          [serial_park_minivault_5x5_5]
D:15:     grunt_enter_depths_snipers, layout_basic,
          gammafunk_ghost_abyssal_escape, minivault_25, fiery_altar_vehumet
Temple:   nicolae_temple_slightly_damp_pantheon
Lair:1:   cheibrodos_lair_river_kwai, layout_gridlike, cheibrodos_lair_lostbears
Lair:2:   layout_roguey, minmay_snake_entry_guardpost_small,
          grunt_forest_large_clearings, uniq_harold, uniq_urug
Lair:3:   hangedman_what_comes_after_a, layout_loops_ring,
          nicolae_swamp_entry_spooky, gauntlet_entry_generic,
          serial_bayou_pond_c
Lair:4:   layout_gridlike
Lair:5:   evilmike_catoblepas_cave, layout_loops_ring,
          nicolae_slime_entry_slimehenge, grunt_megastairs_1,
          infiniplex_staircase_pool
Swamp:1:  layout_basic_swamp, hangedman_swamp_lotus
Swamp:2:  layout_falls_marsh, nicolae_swamp_bean_lake, swamp_pool5,
          hangedman_swamp_diagram, infiniplex_staircase_pool_2
Swamp:3:  cheibrodos_swamp_mausoleum, layout_basic_swamp,
          evilmike_swamp_ruin_house_2, swamp_pool1, uniq_roxanne, uniq_kirke
Swamp:4:  swamp_alternative, layout_basic_swamp
Snake:1:  layout_gridlike, grunt_megastairs_2
Snake:2:  layout_misc_corridors, st_stairs_7, nicolae_shop_overcharged_wands,
          minmay_shoptagon
Snake:3:  layout_onion, minmay_shop_star, lemuel_fruit_tree,
          nicolae_triple_integral, uniq_aizul, uniq_agnes, uniq_mara
Snake:4:  grunt_snake_rune_spirals, layout_onion_interference
Slime:1:  layout_caves
Slime:2:  layout_caves, nicolae_slime_crime_time
Slime:3:  layout_caves
Slime:4:  layout_caves, nicolae_slime_getting_an_eyeful
Slime:5:  slime_pit_nicolae_inversion
Orc:1:    layout_caves, serial_shops, shop_coins, uniq_nergalle, uniq_gastronok
Orc:2:    st_orc_town, layout_caves
Elf:1:    elf_arrival_001, layout_loops_cross, serial_shops,
          nicolae_shop_statue_plus, kennysheep_underground_church
Elf:2:    nicolae_elf_blades_splatter_lattice [nicolae_blade_entry_pointy_end],
          layout_loops_cross, minivault_23
Elf:3:    minmay_elf_hall_spiked, layout_gridlike, serial_shops,
          nicolae_shop_stone, grunt_megastairs_3, uniq_donald, uniq_asterion
Vaults:1: gammafunk_ghost_wrathful_warriors, v_misc_3, gammafunk_sealed_library,
          v_misc_24, nicolae_vaults_little_squares_5, vaults_room_door_ring,
          vaults_room_fancy_cross, ontoclasm_vaults_pinch,
          nicolae_vaults_tetromino_Z_2, layout_vaults_chaotic_city,
          uniq_saint_roka
Vaults:2: hangedman_vaults_variations, v_misc_18, v_rooms_2,
          nicolae_vaults_storage_room_statues, vaults_room_grid,
          nicolae_vaults_storage_room_glass,
          hangedman_vaults_stretched_pinwheel, nicolae_vaults_double_plus_1,
          nicolae_vaults_door_testing_chamber, ontoclasm_vaults_ring_small,
          nicolae_vaults_security_offices_5, vaults_room_grunt_arrival_ludios,
          nicolae_vaults_trapezoid_1, layout_vaults_ring
Vaults:3: nicolae_vaults_taking_the_gang_shopping,
          nicolae_vaults_closet_pinwheel_6, nicolae_vaults_ellipses_ellipsis,
          hangedman_vaults_cutoff, vaults_standard_mumra_lines,
          nicolae_vaults_back_hallway, hangedman_vaults_cutoff,
          nicolae_vaults_hexular_roomagon, v_misc_25,
          minmay_crypt_entry_skeletal_spiral, nicolae_vaults_tetromino_L_1,
          vaults_room_hallway, grunt_vaults_hallway_short,
          vaults_dpeg_encased_lava, layout_vaults_omnibox
Vaults:4: nicolae_vaults_inception_statues, nicolae_vaults_murderbox,
          nicolae_vaults_shrinking_rooms_2, v_pattern_5, hangedman_vaults_nails,
          v_misc_11, nicolae_vaults_double_plus_2, nicolae_vaults_specimen_jars,
          nicolae_vaults_house_3, v_misc_13,
          vaults_standard_mumra_enter_the_diamond, nicolae_vaults_wrenched,
          layout_vaults_maze, uniq_zenata, uniq_xtahua, uniq_jory
Vaults:5: serial_shops
Depths:1: layout_basic, hell_entry, minmay_gold_behind_fungi,
          dreamdust_looks_like_rain, infiniplex_staircase_pool_lava
Depths:2: minmay_sliced_demisemicircle, layout_basic, hell_entry,
          grunt_pan_entry_zigzag, nicolae_hepliaklqana_hippocampus
Depths:3: four-leaf_vault, layout_gridville, enter_ziggurat_d, led_sif_pool,
          hell_entry, minmay_room_of_horrors
Depths:4: grunt_zot_entry_bicorn, layout_gridville,
          ebering_dispersal_statue_hall, grunt_hell_horde,
          minmay_fractal_squares_diagonal_5, grunt_megastairs_4
Hell
Geh:1:    layout_gehenna_pools_basic
Geh:2:    layout_gehenna_lava_caves
Geh:3:    layout_gehenna_lava_caves, nicolae_geh_lavax
Geh:5:    layout_gehenna_lava_caves, nicolae_geh_amphitheater
Geh:6:    layout_gehenna_pools_triple

Skill      XL: |  1  2  3  4  5  6  7  8  9 10 11 12 13 14 15 16 17 18 19 20 21 22 23 24 25 26 27 |
---------------+----------------------------------------------------------------------------------+-----
Fighting       | 3 4 5 8 11 14 16 22 | 22.0
Ranged Weapons | 7 8 10 14 15 18 21 24 26 27 | 27.0
Dodging        | 4 5 8 10 12 14 15 17 18 24 | 24.2
Evocations     | 2 6 12 16 20 | 20.0
Stealth        | 3 11 13 16 | 16.0
Spellcasting   | 3 6 |  6.2
Transmutations | 2 6 |  6.2
Armour         | 8 9 10 11 12 14 16 19 21 22 | 22.0
Invocations    | 9 |  9.0
Hexes          | 1 |  1.0
Translocations | 1 |  1.0
Throwing       | |  0.1

Action                     |  1- 3 |  4- 6 |  7- 9 | 10-12 | 13-15 | 16-18 | 19-21 | 22-24 | 25-27 || total
---------------------------+-------+-------+-------+-------+-------+-------+-------+-------+-------++-------
  Melee: Shortbow          |       |       |     2 |       |       |       |       |       |       ||     2
   Fire: Shortbow          |    84 |   146 |   366 |   580 |   521 |       |       |       |       ||  1697
         Triple crossbow   |       |       |       |       |   417 |   493 |   593 |   602 |   884 ||  2989
  Throw: Throwing net      |       |       |     1 |       |       |       |       |       |       ||     1
   Cast: Wereblood         |       |       |       |     6 |    12 |     3 |     5 |       |       ||    26
 Invoke: Ancestor Life: Kn |       |       |       |     1 |       |       |       |       |       ||     1
         Recall Ancestor   |       |       |       |       |       |     2 |     2 |     4 |     8 ||    16
         Transference      |       |       |       |       |       |     1 |     2 |     3 |     4 ||    10
         Idealise          |       |       |       |       |       |       |     1 |     3 |       ||     4
  Evoke: Wand              |       |       |       |    15 |     2 |     5 |       |     1 |    18 ||    41
         Lightning rod     |       |       |       |       |     1 |       |       |       |       ||     1
         Tin of tremorston |       |       |       |       |       |     2 |     2 |     2 |     5 ||    11
    Use: Scroll            |     1 |     7 |    15 |    11 |    11 |     2 |     8 |     8 |    17 ||    80
         Potion            |       |       |     3 |     2 |       |     4 |       |     5 |    12 ||    26
 Armour: Leather armour    |    20 |    30 |    95 |       |     1 |       |       |       |       ||   146
         Skin              |       |       |     3 |       |    52 |       |       |       |       ||    55
         Steam dragon scal |       |       |     2 |    52 |    56 |       |       |       |       ||   110
         Acid dragon scale |       |       |       |       |    22 |    51 |    31 |       |       ||   104
         Troll leather arm |       |       |       |       |       |       |    11 |    29 |    16 ||    56
         Fire dragon scale |       |       |       |       |       |       |       |       |   184 ||   184
  Dodge: Dodged            |    36 |    42 |   206 |   235 |   519 |   319 |   281 |   373 |   905 ||  2916
         Repelled          |       |       |       |       |       |       |       |     5 |     5 ||    10
  Block: Other             |       |       |       |    33 |   136 |    69 |    30 |       |       ||   268
         Reflection        |       |       |       |       |     3 |     7 |     6 |       |       ||    16

Table legend: (Time is in decaauts)
 A = Elapsed time spent in this place.
 B = Non-inter-level travel time spent in this place.
 C = Inter-level travel time spent in this place.
 D = Time resting spent in this place.
 E = Time spent auto-exploring this place.
 F = Levels seen in this place.
 G = Mean time per level.
                   A        B        C        D        E       F      G
               +--------+--------+--------+--------+--------+-----+--------+
         Total |  62958 |  59405 |   3553 |  13360 |  34449 |  57 | 1104.5 |
       Dungeon |  13246 |  12286 |    960 |   1046 |   9310 |  15 |  883.1 |
        Temple |     91 |     58 |     33 |      0 |     53 |   1 |   91.0 |
          Lair |   8312 |   7478 |    834 |   1906 |   4222 |   5 | 1662.4 |
         Swamp |   6259 |   6052 |    207 |   2104 |   3058 |   4 | 1564.8 |
     Snake Pit |   5611 |   5449 |    162 |   1012 |   3486 |   4 | 1402.8 |
    Slime Pits |   1911 |   1771 |    140 |    394 |    827 |   5 |  382.2 |
  Orcish Mines |   1563 |   1364 |    199 |    112 |    916 |   2 |  781.5 |
   Elven Halls |   4659 |   4440 |    219 |   1292 |   2223 |   3 | 1553.0 |
        Vaults |   9206 |   8775 |    431 |   1719 |   4945 |   5 | 1841.2 |
        Depths |   7518 |   7371 |    147 |   2740 |   3360 |   4 | 1879.5 |
          Hell |    866 |    769 |     97 |     62 |    481 |   1 |  866.0 |
       Gehenna |   1717 |   1596 |    121 |    347 |    832 |   5 |  343.4 |
       Ossuary |    515 |    515 |      0 |    177 |    141 |   1 |  515.0 |
      Ice Cave |    397 |    397 |      0 |     13 |    251 |   1 |  397.0 |
      Gauntlet |   1079 |   1079 |      0 |    433 |    343 |   1 | 1079.0 |
               +--------+--------+--------+--------+--------+-----+--------+

Top non-repeatable levels by time:
Depths:4: 3930 daAuts
  Lair:3: 2358 daAuts
Vaults:4: 2249 daAuts
   Elf:2: 2177 daAuts
Vaults:5: 2139 daAuts
 Snake:3: 2112 daAuts
 Snake:4: 1971 daAuts
 Swamp:1: 1922 daAuts
 Swamp:3: 1888 daAuts
  Lair:2: 1879 daAuts
Vaults:1: 1723 daAuts
    D:12: 1711 daAuts
Depths:3: 1700 daAuts
Vaults:2: 1649 daAuts
  Lair:1: 1597 daAuts
